PCL
SANTA MONICA BRUINS @ MEXICO CITY CERVECEROS
10/02/2023
 
TOP OF THE 1ST
Santa Monica Bruins batting - Pitching for Mexico City Cerveceros : RHP Roberto Matoza
Pitching: RHP Roberto Matoza
Batting: RHB Iván De Jesús 0-0: Foul Ball, location: 2F
0-1: Ball
1-1: Called Strike
1-2: Ground out 1-3 (Groundball, 13)
Batting: RHB Danny Crouch 0-0: Swinging Strike
0-1: Foul Ball, location: 2F
0-2: Ball
1-2: Ball
2-2: Strikes out swinging
Batting: LHB Patrick Osborne 0-0: Called Strike
0-1: Ball
1-1: SOLO HOME RUN (Flyball, 78XD), Distance : 389 ft
Batting: LHB Jesús González 0-0: Ball
1-0: Ball
2-0: Called Strike
2-1: Foul Ball, location: 2F
2-2: Strikes out looking
Top of the 1st over - 1 run(s), 1 hit(s), 0 error(s), 0 left on base; Santa Monica 1 - Mexico City 0
BOTTOM OF THE 1ST
Mexico City Cerveceros batting - Pitching for Santa Monica Bruins : RHP Rafael Blanco
Pitching: RHP Rafael Blanco
Batting: LHB Javier Escobedo 0-0: SINGLE (Groundball, 6M) (infield hit)
Batting: RHB Robert Johnson 0-0: Called Strike
Javier Escobedo steals 2nd base
0-1: Swinging Strike
0-2: Foul Ball, location: 2F
0-2: Fly out, F8 (Flyball, 8LS)
Batting: LHB Chad Weaver 0-0: Called Strike
0-1: Ball
1-1: Swinging Strike
Reached via error on a dropped throw, E3
Javier Escobedo to third
Batting: RHB Dave Morgan 0-0: Called Strike
0-1: Ball
1-1: Grounds into double play, 6-4-3 (Groundball, 6M)
Bottom of the 1st over - 0 run(s), 1 hit(s), 1 error(s), 1 left on base; Santa Monica 1 - Mexico City 0
TOP OF THE 2ND
Santa Monica Bruins batting - Pitching for Mexico City Cerveceros : RHP Roberto Matoza
Batting: LHB António Glaviz 0-0: Ball
1-0: Ball
2-0: Ball
3-0: Base on Balls
Batting: LHB Germán Charfauros 0-0: Foul Ball, location: 2F
0-1: Ball
1-1: Foul Ball, location: 2F
1-2: Foul Ball, location: 2F
1-2: Strikes out looking
Batting: RHB Javier Deleón 0-0: Called Strike
0-1: Grounds into double play, 6-4-3 (Groundball, 6M)
Top of the 2nd over - 0 run(s), 0 hit(s), 0 error(s), 0 left on base; Santa Monica 1 - Mexico City 0
BOTTOM OF THE 2ND
Mexico City Cerveceros batting - Pitching for Santa Monica Bruins : RHP Rafael Blanco
Batting: LHB Eduardo Gómez 0-0: Called Strike
0-1: Ball
1-1: Ball
2-1: Swinging Strike
2-2: Ball
3-2: Foul Ball, location: 2F
3-2: Reached on error, E4 (Groundball, 4)
Batting: RHB Reynold Akker 0-0: Called Strike
0-1: Called Strike
0-2: Ball
1-2: Ball
2-2: Fly out, F8 (Flyball, 8RD)
Batting: LHB Juan García 0-0: Called Strike
0-1: Ball
1-1: SINGLE (Groundball, 34D)
Eduardo Gómez to second
Throwing error, E9
Eduardo Gómez scores
Juan García to second
Batting: RHB Iván Gonzáles 0-0: Ball
1-0: Foul Ball, location: 2F
1-1: Ball
2-1: Called Strike
2-2: Foul Ball, location: 2F
2-2: Foul Ball, location: 2F
2-2: Foul Ball, location: 2F
2-2: Ball
3-2: Fly out, F8 (Flyball, 8RM)
Batting: RHB Roberto Zamora 0-0: Called Strike
0-1: Ball
1-1: Called Strike
1-2: Strikes out looking
Bottom of the 2nd over - 1 run(s), 1 hit(s), 2 error(s), 1 left on base; Santa Monica 1 - Mexico City 1
TOP OF THE 3RD
Santa Monica Bruins batting - Pitching for Mexico City Cerveceros : RHP Roberto Matoza
Batting: RHB Salvador Salas 0-0: Fly out, F8 (Flyball, 8LD)
Batting: RHB Pablo Peńa 0-0: Ball
1-0: Ball
2-0: Ball
3-0: Base on Balls
Batting: RHB Iván De Jesús 0-0: Swinging Strike
0-1: Ball
1-1: Ball
2-1: Foul Ball, location: 2F
2-2: Strikes out swinging
Batting: RHB Danny Crouch 0-0: Called Strike
0-1: Foul Ball, location: 2F
0-2: Ball
1-2: Fly out, F7 (Line Drive, 78S)
Top of the 3rd over - 0 run(s), 0 hit(s), 0 error(s), 1 left on base; Santa Monica 1 - Mexico City 1
BOTTOM OF THE 3RD
Mexico City Cerveceros batting - Pitching for Santa Monica Bruins : RHP Rafael Blanco
Batting: LHB Javier Escobedo 0-0: Ball
1-0: Ball
2-0: Called Strike
2-1: Foul Ball, location: 2F
2-2: Strikes out swinging
Batting: RHB Robert Johnson 0-0: Ball
1-0: Called Strike
1-1: Foul Ball, location: 2F
1-2: Ball
2-2: Ground out 4-3 (Groundball, 4)
Batting: LHB Chad Weaver 0-0: Ground out 3-1 (Groundball, 34)
Bottom of the 3rd over - 0 run(s), 0 hit(s), 0 error(s), 0 left on base; Santa Monica 1 - Mexico City 1
TOP OF THE 4TH
Santa Monica Bruins batting - Pitching for Mexico City Cerveceros : RHP Roberto Matoza
Batting: LHB Patrick Osborne 0-0: Foul Ball, location: 2F
0-1: Called Strike
0-2: Strikes out swinging
Batting: LHB Jesús González 0-0: Called Strike
0-1: Ball
1-1: Foul Ball, location: 2F
1-2: Ground out 3-1 (Groundball, 34)
Batting: LHB António Glaviz 0-0: Swinging Strike
0-1: Ball
1-1: Ball
2-1: Fly out, F8 (Line Drive, 8RD)
Top of the 4th over - 0 run(s), 0 hit(s), 0 error(s), 0 left on base; Santa Monica 1 - Mexico City 1
BOTTOM OF THE 4TH
Mexico City Cerveceros batting - Pitching for Santa Monica Bruins : RHP Rafael Blanco
Batting: RHB Dave Morgan 0-0: Swinging Strike
0-1: Ball
1-1: Ball
2-1: Ball
3-1: Base on Balls
Batting: LHB Eduardo Gómez 0-0: Ball
1-0: SINGLE (Groundball, 34D)
Dave Morgan to second
Runner from 2nd tries for 3rd, SAFE, throw made to third
Batting: RHB Reynold Akker 0-0: Fly out, F2 (Popup, 23F)
Batting: LHB Juan García 0-0: Called Strike
0-1: Foul Ball, location: 2F
0-2: Ball
1-2: Foul Ball, location: 2F
1-2: Strikes out swinging
Batting: RHB Iván Gonzáles 0-0: Ball
1-0: Called Strike
1-1: SINGLE (Groundball, 34D)
Dave Morgan scores
Eduardo Gómez to second
Runner from 2nd tries for 3rd, OUT!
Bottom of the 4th over - 1 run(s), 2 hit(s), 0 error(s), 1 left on base; Santa Monica 1 - Mexico City 2
TOP OF THE 5TH
Santa Monica Bruins batting - Pitching for Mexico City Cerveceros : RHP Roberto Matoza
Batting: LHB Germán Charfauros 0-0: Ball
1-0: Fly out, F8 (Flyball, 8LD)
Batting: RHB Javier Deleón 0-0: Called Strike
0-1: Called Strike
0-2: Ground out 5-3 (Groundball, 56)
Batting: RHB Salvador Salas 0-0: Swinging Strike
0-1: Ball
1-1: Foul Ball, location: 2F
1-2: Ball
2-2: Strikes out swinging
Top of the 5th over - 0 run(s), 0 hit(s), 0 error(s), 0 left on base; Santa Monica 1 - Mexico City 2
BOTTOM OF THE 5TH
Mexico City Cerveceros batting - Pitching for Santa Monica Bruins : RHP Rafael Blanco
Batting: RHB Roberto Zamora 0-0: Called Strike
0-1: Foul Ball, location: 2F
0-2: Strikes out looking
Batting: LHB Javier Escobedo 0-0: Foul Ball, location: 2F
0-1: Ball
1-1: Ball
2-1: Bunt for hit - play at first, batter OUT! 2-3
Batting: RHB Robert Johnson 0-0: Ball
1-0: Foul Ball, location: 2F
1-1: SINGLE (Groundball, 5D)
Batting: LHB Chad Weaver 0-0: Ball
1-0: Ball
2-0: Called Strike
2-1: Swinging Strike
2-2: Ground out 5-3 (Groundball, 5L)
Bottom of the 5th over - 0 run(s), 1 hit(s), 0 error(s), 1 left on base; Santa Monica 1 - Mexico City 2
TOP OF THE 6TH
Santa Monica Bruins batting - Pitching for Mexico City Cerveceros : RHP Roberto Matoza
Batting: RHB Pablo Peńa 0-0: Ball
1-0: Ball
2-0: Called Strike
2-1: Swinging Strike
2-2: Strikes out swinging
Batting: RHB Iván De Jesús 0-0: Ball
1-0: Ball
2-0: Foul Ball, location: 2F
2-1: Ball
3-1: Foul Ball, location: 2F
3-2: Base on Balls
Batting: RHB Danny Crouch 0-0: Ball
1-0: Called Strike
1-1: Ball
2-1: Ball
3-1: Foul Ball, location: 2F
3-2: Strikes out looking
Batting: LHB Patrick Osborne 0-0: Called Strike
0-1: Foul Ball, location: 2F
0-2: Ball
1-2: Ground out 6-3 (Groundball, 6)
Top of the 6th over - 0 run(s), 0 hit(s), 0 error(s), 1 left on base; Santa Monica 1 - Mexico City 2
BOTTOM OF THE 6TH
Mexico City Cerveceros batting - Pitching for Santa Monica Bruins : RHP Rafael Blanco
Batting: RHB Dave Morgan 0-0: Ground out 1-3 (Groundball, 13S)
Batting: LHB Eduardo Gómez 0-0: Called Strike
0-1: Ball
1-1: SINGLE (Groundball, 4)
Batting: RHB Reynold Akker 0-0: Foul Ball, location: 2F
0-1: Ball
1-1: Ball
2-1: Foul Ball, location: 2F
2-2: Foul Ball, location: 2F
2-2: Foul Ball, location: 2F
2-2: SINGLE (Line Drive, 56)
Eduardo Gómez to second
Batting: LHB Juan García 0-0: Called Strike
0-1: Ball
1-1: Ball
2-1: SINGLE (Groundball, 34D)
Eduardo Gómez to third
Reynold Akker to second
Runner from 3rd tries for Home, SAFE, throw made home
Reynold Akker to third
Juan García to second
Batting: RHB Iván Gonzáles 0-0: Ball
1-0: Ball
2-0: Called Strike
2-1: Called Strike
2-2: Strikes out swinging
Pitching: RHP Santiago González
Batting: RHB Roberto Zamora 0-0: Called Strike
0-1: Ball
1-1: Swinging Strike
1-2: Strikes out looking
Bottom of the 6th over - 1 run(s), 3 hit(s), 0 error(s), 2 left on base; Santa Monica 1 - Mexico City 3
TOP OF THE 7TH
Santa Monica Bruins batting - Pitching for Mexico City Cerveceros : RHP Roberto Matoza
Pitching: RHP Clarence Allen
Batting: LHB Jesús González 0-0: Called Strike
0-1: Called Strike
0-2: Ball
1-2: Ball
2-2: Foul Ball, location: 2F
2-2: Ball
3-2: Foul Ball, location: 2F
3-2: SINGLE (Flyball, 78S)
Batting: LHB António Glaviz 0-0: Ball
1-0: Ball
Wild Pitch!
Jesús González to second
2-0: SINGLE (Popup, 56D)
Jesús González to third
Batting: LHB Germán Charfauros 0-0: Ball
1-0: Called Strike
António Glaviz is caught stealing 2nd base
1-1: Called Strike
1-2: Foul Ball, location: 2F
1-2: Ball
2-2: Strikes out swinging
Batting: RHB Javier Deleón 0-0: Ball
1-0: Ball
2-0: Called Strike
2-1: Foul Ball, location: 2F
2-2: Ball
3-2: Strikes out looking
Top of the 7th over - 0 run(s), 2 hit(s), 0 error(s), 1 left on base; Santa Monica 1 - Mexico City 3
BOTTOM OF THE 7TH
Mexico City Cerveceros batting - Pitching for Santa Monica Bruins : RHP Santiago González
Batting: LHB Javier Escobedo 0-0: Foul Ball, location: 2F
0-1: Swinging Strike
0-2: SOLO HOME RUN (Flyball, 89XD), Distance : 400 ft
Batting: RHB Robert Johnson 0-0: Called Strike
0-1: Swinging Strike
0-2: Foul Ball, location: 2F
0-2: Fly out, F3 (Popup, 23F)
Batting: LHB Chad Weaver 0-0: Foul Ball, location: 2F
0-1: Foul Ball, location: 2F
0-2: Ground out 6-3 (Groundball, 6)
Batting: RHB Dave Morgan 0-0: Called Strike
0-1: Ball
1-1: Fly out, F8 (Flyball, 8LD)
Bottom of the 7th over - 1 run(s), 1 hit(s), 0 error(s), 0 left on base; Santa Monica 1 - Mexico City 4
TOP OF THE 8TH
Santa Monica Bruins batting - Pitching for Mexico City Cerveceros : RHP Clarence Allen
Now in RF: Jesús Núńez
Batting: RHB Salvador Salas 0-0: SOLO HOME RUN (Line Drive, 78XD), Distance : 408 ft
Batting: RHB Pablo Peńa 0-0: Called Strike
0-1: Foul Ball, location: 2F
0-2: Ball
1-2: Foul Ball, location: 2F
1-2: DOUBLE (Flyball, 7D)
Pitching: RHP Jared Cameron
Batting: RHB Iván De Jesús 0-0: Called Strike
0-1: Ball
1-1: Called Strike
1-2: Foul Ball, location: 2F
1-2: Strikes out swinging
Batting: RHB Danny Crouch 0-0: Called Strike
0-1: Ball
1-1: Ball
2-1: Foul Ball, location: 2F
2-2: Strikes out swinging
Batting: LHB Patrick Osborne 0-0: Called Strike
0-1: Ball
1-1: Ball
2-1: Foul Ball, location: 2F
2-2: Strikes out swinging
Top of the 8th over - 1 run(s), 2 hit(s), 0 error(s), 1 left on base; Santa Monica 2 - Mexico City 4
BOTTOM OF THE 8TH
Mexico City Cerveceros batting - Pitching for Santa Monica Bruins : RHP Santiago González
Batting: LHB Eduardo Gómez 0-0: Called Strike
0-1: Foul Ball, location: 2F
0-2: Ball
1-2: Ground out 4-3 (Groundball, 4)
Batting: RHB Reynold Akker 0-0: Ball
1-0: Called Strike
1-1: Ball
2-1: Foul Ball, location: 2F
2-2: Reached on error, E4 (Groundball, 4)
Batting: LHB Juan García 0-0: SINGLE (Groundball, 5D)
Reynold Akker to third
Runner from 3rd tries for Home, SAFE, no throw or cutoff
Batting: RHB Iván Gonzáles 0-0: Fly out, F7 (Line Drive, 7S)
Batting: RHB Roberto Zamora 0-0: Ball
1-0: Ball
2-0: Swinging Strike
2-1: Ball
3-1: Called Strike
3-2: Base on Balls
Juan García to second
Batting: LHB Javier Escobedo 0-0: Fielders Choice at 2nd, U4 (Groundball, 4M)
Bottom of the 8th over - 1 run(s), 1 hit(s), 1 error(s), 2 left on base; Santa Monica 2 - Mexico City 5
TOP OF THE 9TH
Santa Monica Bruins batting - Pitching for Mexico City Cerveceros : RHP Jared Cameron
Pitching: RHP Howard Joyce
Batting: LHB Jesús González 0-0: Ball
1-0: Foul Ball, location: 2F
1-1: Called Strike
1-2: SINGLE (Groundball, 34D)
Batting: LHB António Glaviz 0-0: Ball
1-0: Foul Ball, location: 2F
1-1: Ball
2-1: Foul Ball, location: 2F
2-2: Strikes out looking
Batting: LHB Germán Charfauros 0-0: Called Strike
0-1: Swinging Strike
0-2: Ball
1-2: Foul Ball, location: 2F
1-2: Foul Ball, location: 2F
1-2: Ground out 4-3 (Groundball, 4S)
Jesús González to second
Batting: RHB Javier Deleón 0-0: Swinging Strike
0-1: Ball
1-1: Called Strike
1-2: Ball
2-2: Foul Ball, location: 2F
2-2: Strikes out swinging
Top of the 9th over - 0 run(s), 1 hit(s), 0 error(s), 1 left on base; Santa Monica 2 - Mexico City 5
This league is powered by Out of the Park Baseball, the baseball management simulation game for PC, Mac and Linux
Wednesday, December 2nd, 2015 - OOTP Baseball 16.8 Build 38